 Dungeon Crawl Stone Soup version 0.30-a0-123-g91d0c66ccf (webtiles) character file.

Game seed: 17847189585352076937

3593 enile the Magician (level 9, -8/71 HPs)
             Began as a Mummy Necromancer on Sept 18, 2022.
             Was a Priest of Cheibriados.
             Shot with a sling bullet by a human (11 damage)
             ... on level 7 of the Dungeon.
             The game lasted 00:17:48 (10179 turns).

enile the Magician (Mummy Necromancer)             Turns: 10179, Time: 00:17:49

Health: -8/71      AC:  4    Str: 19    XL:     9   Next: 85%
Magic:  23/28      EV: 15    Int: 26    God:    Cheibriados [***...]
Gold:   216        SH:  0    Dex: 21    Spells: 18/22 levels left

rFire   . . .      SeeInvis .    f - +7 mace (elec)
rCold   + + .      Faith    +    (no shield)
rNeg    + + +      Spirit   .    p - +2 robe {rC+ rF+}
rPois   ∞          Reflect  .    (no helmet)
rElec   .          Harm     .    (no cloak)
rCorr   .          Rampage  .    (no gloves)
Will    +....                    (no boots)
Stlth   ++........               (no amulet)
HPRegen 0.21/turn                t - ring of magical power
MPRegen 0.21/turn                j - ring of wizardry

@: very slow
A: cold resistance 1, negative energy resistance 3, torment resistance 2, heat
vulnerability 1, in touch with death 1, no potions, faith
a: Renounce Religion, Bend Time, Temporal Distortion


You were on level 7 of the Dungeon.
You worshipped Cheibriados.
Cheibriados was most pleased with you.
You visited 1 branch of the dungeon, and saw 7 of its levels.

You collected 360 gold pieces.
You spent 144 gold pieces at shops.

Inventory:

Hand Weapons
 b - a +0 whip
 d - a +1 trident of pain
 f - a +7 mace of electrocution (weapon)
 i - a +2 dagger of venom
Missiles
 e - 9 boomerangs
 g - 4 javelins
 o - 2 atropa-tipped darts (quivered)
Armour
 a - a +1 robe
 c - a +0 leather armour of cold resistance
 p - a +2 robe of resistance (worn)
Magical Staves
 k - a staff of poison
Jewellery
 j - a ring of wizardry (right hand)
 m - a +4 ring of protection
 s - a ring of fire
 t - a ring of magical power (left hand)
Wands
 l - a wand of flame (9)
Scrolls
 h - a scroll of enchant weapon
 n - a scroll of noise
 u - a scroll of enchant armour
Miscellaneous
 r - a condenser vane (inert)


   Skills:
 + Level 6.6 Fighting
 - Level 4.0 Maces & Flails
 - Level 5.0 Dodging
 - Level 2.0 Stealth
 - Level 7.0 Spellcasting
 - Level 5.0 Necromancy
 - Level 4.0 Earth Magic
 - Level 5.0 Invocations


You had 18 spell levels left.
You knew the following spells:

 Your Spells              Type           Power      Damage    Failure   Level
a - Necrotise             Necr           100%       1d9       1%          1
b - Passwall              Tmut/Erth      15%        N/A       1%          2
c - Sandblast             Erth           58%        2d13      1%          1

Your spell library contained the following spells:

 Spells                   Type           Power      Damage    Failure   Level
 Vampiric Draining        Necr           51%        2d9       1%          3
 Sting                    Tmut/Pois      36%        1d4       2%          1
 Stone Arrow              Conj/Erth      38%        3d9       3%          3
 Animate Dead             Necr           51%        N/A       3%          4
 Poisonous Vapours        Pois/Air       18%        N/A       4%          2
 Agony                    Necr           51%        N/A       9%          5
 Olgreb's Toxic Radiance  Pois           9%         N/A       24%         4
 Summon Hydra             Summ           4%         N/A       100%        7
 Sublimation of Blood     Necr           Unusable   N/A       N/A         2
 Wereblood                Tmut           Unusable   N/A       N/A         2

Dungeon Overview and Level Annotations

Branches:
Dungeon (7/15)             Temple (0/1) D:6

Altars:
Ashenzari
Cheibriados
Dithmenos
Hepliaklqana
Kikubaaqudgha
Nemelex Xobeh
Sif Muna
Vehumet
Lugonu

Shops:
D:1 [   D:5 *

Portals:
Abyss: D:3

Annotations:
D:4 1 transporter, SigmundSlayer's ghost, amateur DsEE
D:5 exclusion: iguana


Innate Abilities, Weirdness & Mutations

You are immune to poison.
Your flesh is cold resistant. (rC+)
You are immune to negative energy. (rN+++)
You are immune to unholy pain and torment.
You are vulnerable to heat. (rF-)
You are in touch with the powers of death.
You do not drink.
You have a special connection with the divine. (Faith)


Message History

* * * LOW HITPOINT WARNING * * *
Casting: Necrotise (safe; 1% risk of failure)
Confirm with . or Enter, or press ? or * to list all spells.
Okay, then.
Casting: Necrotise (safe; 1% risk of failure)
Confirm with . or Enter, or press ? or * to list all spells.
Okay, then.
As you read the scroll of teleportation, it crumbles to dust.
You feel strangely unstable. The human barely misses you.
Your surroundings suddenly seem different.
You start resting.
A human is nearby!
The human shouts!
The human shoots a sling bullet.
The sling bullet hits you.
The human shoots a sling bullet.
The sling bullet hits you!
* * * LOW HITPOINT WARNING * * *
The human shoots a sling bullet.
The sling bullet hits you!
* * * LOW HITPOINT WARNING * * *
Okay, then.
You can't drink.
Throw: 2 darts (atropa)
Press: ? - help, Q - select action, (/) - cycle Shift-Dir - straight line, f - human
Aim: a human, wielding a +0 sling and wearing a +3 leather armour (57% to hit, chance to blind on hit: 22%)
Okay, then.
The human shoots a sling bullet.
The sling bullet barely misses you.
The human shoots a sling bullet.
The sling bullet hits you!
* * * LOW HITPOINT WARNING * * *
Okay, then.
Okay, then.
You can't drink.
Unknown command.
Okay, then.
Okay, then.
Activating: Slouch (21% risk of failure)
Press: ? - help, Dir - look around, f - activate You can feel time thicken for a moment.
You can no longer inflict damage on those overly hasty.
Cheibriados lowers the support of your attributes as your movement quickens.
The human shoots a sling bullet.
The sling bullet hits you!
You die...

......†..# #....###...##
.........####....#......#
...#.............#......# .
.................#......#..
...............###.........
...............# ##........
...>...........# #........
....###...#########........
....#####.@......p.........
..........................
........................
........................
.......####....####.....
.......#.......# .....
..######................ ..
#........... ....
#............


You could see a human.

Vanquished Creatures
  Pikel (D:6)
  Grinder (D:2)
  Edmund (D:6)
  4 water moccasins (D:6)
  2 black bears
  An ice beast (D:5)
  An ogre (D:5)
  2 sky beasts
  A centaur (D:7)
  A lemure (D:6)
  2 phantoms
  A bullfrog (D:5)
  4 scorpions
  3 necrophages
  A gnoll sergeant (D:5)
  6 wights
  A howler monkey (D:6)
  A jelly (D:5)
  5 hounds
  2 gnoll boudas (D:6)
  An orc priest (D:4)
  Jessica (D:2)
  Ijyb (D:3)
  Natasha (thrice) (D:2)
  2 iguanas (D:6)
  Robin (D:2)
  17 gnolls
  6 adders
  A shadow imp (D:6)
  A white imp (D:4)
  3 worms
  2 dart slugs
  9 orcs
  5 endoplasms
  3 giant cockroaches
  7 goblins
  12 hobgoblins
  3 kobolds
  3 quokkas
  4 ball pythons
  4 bats
  4 frilled lizards
  A rat (D:1)
135 creatures vanquished.

Vanquished Creatures (collateral kills)
  A kobold (D:2)
  A lurking horror (D:3)
2 creatures vanquished.

Vanquished Creatures (others)
  4 fungi (D:3)
  A lurking horror (D:3)
  2 plants (D:3)
7 creatures vanquished.

Grand Total: 144 creatures vanquished

Notes
Turn   | Place    | Note
-------+----------+-------------------------------------------
     0 | D:1      | enile the Mummy Necromancer began the quest for the Orb.
     0 | D:1      | Reached XP level 1. HP: 13/13 MP: 4/4
   113 | D:1      | Found Wuhou's Antique Armour Shop.
   423 | D:1      | Reached skill level 3 in Spellcasting
   423 | D:1      | Reached XP level 2. HP: 19/19 MP: 0/6
   840 | D:1      | Found a sparkling altar of Nemelex Xobeh.
   873 | D:2      | Noticed Robin
  1162 | D:2      | Reached skill level 1 in Fighting
  1276 | D:2      | Noticed Jessica
  1505 | D:3      | Found a one-way gate to the infinite horrors of the Abyss.
  1505 | D:3      | Found a corrupted altar of Lugonu.
  1524 | D:3      | Noticed Grinder
  1534 | D:3      | Paralysed by Grinder for 2 turns
  1543 | D:3      | Noticed Ijyb
  1553 | D:3      | Paralysed by Grinder for 3 turns
  1665 | D:2      | Killed Jessica
  1666 | D:2      | Gained mutation: You are in touch with the powers of death.
                  | [Mummy growth]
  1666 | D:2      | Reached XP level 3. HP: 21/27 MP: 1/8
  1980 | D:2      | Reached skill level 4 in Spellcasting
  2108 | D:2      | Reached XP level 4. HP: 33/33 MP: 6/10
  2259 | D:2      | Noticed Natasha
  2260 | D:2      | Found a shimmering blue altar of Sif Muna.
  2265 | D:2      | Killed Natasha
  2333 | D:2      | Reached skill level 5 in Spellcasting
  2336 | D:2      | Learned a level 2 spell: Passwall
  2440 | D:2      | Killed Robin
  2632 | D:2      | Reached skill level 1 in Earth Magic
  2747 | D:2      | Noticed Natasha
  2753 | D:2      | Killed Natasha
  2754 | D:2      | Reached XP level 5. HP: 33/38 MP: 7/12
  2893 | D:2      | Noticed Natasha
  2901 | D:2      | Killed Natasha
  3017 | D:3      | Found a snail-covered altar of Cheibriados.
  3029 | D:3      | Became a worshipper of Cheibriados the Contemplative
  3111 | D:3      | Paralysed by Grinder for 4 turns
  3141 | D:3      | Paralysed by Grinder for 4 turns
  3463 | D:3      | Learned a level 1 spell: Sandblast
  3543 | D:3      | Found a faded altar of an unknown god.
  3551 | D:3      | Got Plato's Incunabulum of Toxins
  3555 | D:3      | You fall into a shaft and drop 3 floors!
  3571 | D:6      | Found a staircase to the Ecumenical Temple.
  3854 | D:6      | Noticed a lemure
  3854 | D:6      | Noticed a lemure
  3864 | D:5      | Entered Level 5 of the Dungeon
  3864 | D:5      | Found Moim's General Store.
  3870 | D:5      | Bought a scroll of butterflies for 56 gold pieces
  3893 | D:4      | Noticed a black bear
  4245 | D:3      | Killed Ijyb
  4246 | D:3      | Reached XP level 6. HP: 31/47 MP: 13/13
  4497 | D:4      | Reached * piety under Cheibriados
  4525 | D:4      | Found a transporter.
  4531 | D:4      | Noticed SigmundSlayer's ghost (amateur DsEE)
  4532 | D:4      | Identified the +3 great mace "Lilavai" {venom, rN++ Str+5}
  5064 | D:4      | Found a shadowy altar of Dithmenos.
  5064 | D:4      | Found a hazy altar of Hepliaklqana.
  5066 | D:4      | Noticed a shadow
  5648 | D:5      | Noticed an ice beast
  5660 | D:5      | Killed an ice beast
  5661 | D:5      | Reached skill level 5 in Fighting
  5661 | D:5      | Reached XP level 7. HP: 14/56 MP: 5/14
  6061 | D:1      | Bought an embroidered robe for 88 gold pieces
  6100 | D:2      | Killed Grinder
  6101 | D:2      | Reached skill level 6 in Spellcasting
  6304 | D:5      | Reached ** piety under Cheibriados
  6388 | D:5      | Reached XP level 8. HP: 62/62 MP: 13/17
  6663 | D:5      | Reached skill level 1 in Invocations
  7240 | D:5      | Found an ancient bone altar of Kikubaaqudgha.
  7244 | D:5      | Found a radiant altar of Vehumet.
  7245 | D:5      | Found a sparkling altar of Nemelex Xobeh.
  8468 | D:6      | Reached skill level 5 in Invocations
  8565 | D:6      | Reached skill level 1 in Maces & Flails
  8657 | D:6      | Reached XP level 9. HP: 66/68 MP: 11/18
  8658 | D:6      | Reached *** piety under Cheibriados
  8775 | D:6      | Reached skill level 5 in Necromancy
  8844 | D:6      | Reached skill level 7 in Spellcasting
  9115 | D:6      | Reached **** piety under Cheibriados
  9271 | D:6      | Noticed Pikel
  9285 | D:6      | Killed Pikel
  9286 | D:6      | Reached skill level 5 in Dodging
  9403 | D:6      | Found a broken altar of Ashenzari.
  9441 | D:6      | Noticed Edmund
  9454 | D:6      | Killed Edmund
 10178 | D:7      | HP: 3/71 [human/sling bullet (9)]
 10179 | D:7      | Shot with a sling bullet by a human

Illustrated notes

Levels and vault maps discovered:
D:1:      sevenhm_arrival_forest_fort_small_6, layout_basic, serial_shops, shop
D:2:      layout_rooms, basic_altar, minmay_door_square, uniq_natasha,
          uniq_jessica, uniq_robin
D:3:      layout_rooms, old_standard_altar, shapermc_ecumenical_altar_rom_forum,
          amcnicky_altar_lugonu_corruption, uniq_grinder, uniq_ijyb
D:4:      layout_basic, riverfiend_overflow_shadow_ancestor,
          gammafunk_ghost_smash
D:5:      layout_basic, grunt_temple_overflow_open, serial_shops,
          nicolae_diamond_shop
D:6:      minmay_octagon_keep, layout_loops_ring, ashenzari_conservatory_becter,
          minmay_temple_entry_grid, nrook_mini_backslash, nicolae_water_bricks,
          uniq_pikel, uniq_edmund
D:7:      layout_basic, nzn_wu_jian_council_hall, nicolae_shop_fire_sale
          [nicolae_sub_dead_trees], minmay_ruffians, uniq_joseph

Skill      XL: |  1  2  3  4  5  6  7  8  9 |
---------------+----------------------------+-----
Spellcasting   | 3 4 5 6 7 |  7.0
Fighting       | 2 3 5 6 |  6.6
Earth Magic    | 1 2 3 4 |  4.0
Dodging        | 3 4 5 |  5.0
Invocations    | 5 |  5.0
Stealth        | 2 |  2.0
Maces & Flails | 2 4 |  4.0
Necromancy     | 5 |  5.0

Action                   |  1- 3 |  4- 6 |  7- 9 || total
-------------------------+-------+-------+-------++-------
Melee: Unarmed           |    12 |       |       ||    12
       Whip              |    11 |     4 |       ||    15
       Dagger            |       |    54 |    31 ||    85
       Trident           |       |     5 |       ||     5
       Punch             |       |     2 |     5 ||     7
       Mace              |       |       |   100 ||   100
Throw: Javelin           |       |       |     9 ||     9
 Cast: Necrotise         |    74 |    57 |    37 ||   168
       Sandblast         |       |    30 |   113 ||   143
       Passwall          |       |     1 |       ||     1
Invok: Slouch            |       |       |     1 ||     1
Evoke: Condenser vane    |       |       |     1 ||     1
  Use: Scroll            |     6 |     3 |     8 ||    17
 Stab: Sleeping          |       |     2 |     1 ||     3
       Confused          |       |       |     1 ||     1
Armor: Robe              |     7 |    24 |    59 ||    90
Dodge: Dodged            |    29 |    61 |   192 ||   282

Table legend: (Time is in decaauts)
 A = Elapsed time spent in this place.
 B = Non-inter-level travel time spent in this place.
 C = Inter-level travel time spent in this place.
 D = Time resting spent in this place.
 E = Time spent auto-exploring this place.
 F = Levels seen in this place.
 G = Mean time per level.
                   A        B        C        D        E       F      G
               +--------+--------+--------+--------+--------+-----+--------+
         Total |  11743 |  10902 |    841 |    768 |   8322 |   7 | 1677.6 |
       Dungeon |  11743 |  10902 |    841 |    768 |   8322 |   7 | 1677.6 |
               +--------+--------+--------+--------+--------+-----+--------+

Top non-repeatable levels by time:
     D:6: 2460 daAuts
     D:5: 2409 daAuts
     D:2: 1996 daAuts
     D:4: 1713 daAuts
     D:3: 1603 daAuts
     D:1: 1194 daAuts
     D:7: 365 daAuts
